 Dungeon Crawl Stone Soup version 0.29-a0-410-g9596d59a08 (webtiles) character file.

Game seed: 18225092445021797101

7779 KhasaRR the Protected (level 11, -7/142 HPs)
             Began as a Minotaur Berserker on May 14, 2022.
             Was a Believer of Trog.
             Mangled by a skeletal warrior
             ... wielding a +0 war axe
             ... led by a death knight
              (12 damage)
             ... on level 10 of the Dungeon.
             The game lasted 00:52:03 (10987 turns).

KhasaRR the Protected (Minotaur Berserker)         Turns: 10987, Time: 00:52:06

Health: -7/142     AC: 25    Str: 24    XL:     11   Next: 1%
Magic:  10/10      EV:  2    Int:  4    God:    Trog [**....]
Gold:   527        SH:  0    Dex: 18    Spells: 10/10 levels left

rFire   . . .      SeeInvis .   a - +1 hand axe
rCold   . . .      Faith    .   (no shield)
rNeg    . . .      Spirit   .   (body armour currently unavailable)
rPois   +          Reflect  .   (helmet currently unavailable)
rElec   .          Harm     .   (cloak currently unavailable)
rCorr   .          Rampage  .   (gloves currently unavailable)
Will    +....      Clarity  +   (boots currently unavailable)
Stlth   ++........ NoTele   +   (no amulet)
HPRegen 1.33/turn               i - +6 ring of dexterity
MPRegen 0.12/turn               u - ring of willpower

@: mighty, tree-form (expiring), weak-willed, strong-willed, regenerating,
hasted, very quick
A: stationary, stasis, torment immunity, boosted hp, (horns 2), (retaliatory
headbutt), (iridescent scales 2), clarity, wild magic 1
a: Renounce Religion, Berserk, Trog's Hand


You were on level 10 of the Dungeon.
You worshipped Trog.
Trog was pleased with you.
You were a tree.
You visited 1 branch of the dungeon, and saw 10 of its levels.

You collected 683 gold pieces.
You spent 156 gold pieces at shops.

Inventory:

Hand Weapons
 a - a +1 hand axe (weapon)
Missiles
 E - a throwing net
Armour
 e - a +2 pair of gloves (melded)
 k - a +0 pair of boots (melded)
 C - a +1 chain mail (melded)
Jewellery
 d - a ring of protection from cold
 i - a +6 ring of dexterity (left branch)
 o - an amulet of magic regeneration
 q - a ring of protection from fire
 u - a ring of willpower (right branch)
Wands
 b - a wand of paralysis (3)
Scrolls
 l - a scroll of silence {unknown}
 n - 2 scrolls of brand weapon {unknown}
 v - a scroll of poison
 w - a scroll of noise
 z - 2 scrolls of teleportation
 A - 2 scrolls of acquirement {unknown}
 B - 2 scrolls of fog {unknown}
 F - a scroll of blinking {unknown}
Potions
 c - 3 potions of brilliance
 f - 2 potions of might
 g - a potion of invisibility
 h - a potion of ambrosia {unknown}
 j - a potion of magic {unknown}
 m - 2 potions of flight
 p - 3 potions of degeneration (quivered)
 s - a potion of mutation
 x - a potion of lignification
 G - a potion of cancellation {unknown}
 I - a potion of attraction {unknown}


   Skills:
 + Level 8.6 Fighting
 + Level 12.6 Axes
 * Level 12.7 Armour
 + Level 5.3 Dodging
 + Level 2.8 Stealth
 + Level 1.1 Evocations


You had 10 spell levels left.
You didn't know any spells.
Your spell library was empty.

Dungeon Overview and Level Annotations

Branches:
Dungeon (10/15)            Temple (0/1) D:5
   Lair: D:8-11         Orc: D:9-12

Altars:
Ashenzari
Cheibriados
Elyvilon
Fedhas
Kikubaaqudgha
Nemelex Xobeh
Okawaru
Trog
Xom
Yredelemnul

Shops:
D:5 ?   D:10 !


Innate Abilities, Weirdness & Mutations

You are a tree.
Your roots penetrate the ground, keeping you stationary.
You cannot be teleported.
You are immune to unholy pain and torment.
Your maximum health is greatly increased.
Your equipment is partially melded.
((You have a pair of horns on your head.))
((You reflexively headbutt those who attack you in melee.))
((You are mostly covered in iridescent scales. (AC +4)))
You possess an exceptional clarity of mind.
Your spells are a little harder to cast, but a little more powerful.


Message History

The skeletal warrior is heavily damaged.
You barely miss the skeletal warrior.
The skeletal warrior is heavily damaged.
The skeletal warrior hits you with a +0 war axe!
* * * LOW HITPOINT WARNING * * *
Read: 2 scrolls of poison
Press: ? - help, Q - select action, (/) - cycle Dir - look around, f - activate The air fills with toxic fumes!
As you read the scroll of poison, it crumbles to dust.
You recover from your berserk rage.
You hit the skeletal warrior but do no damage.
The skeletal warrior is heavily damaged.
The skeletal warrior hits you with a +0 war axe!
* * * LOW HITPOINT WARNING * * *
You hit the skeletal warrior but do no damage.
The skeletal warrior is heavily damaged.
You closely miss the skeletal warrior.
The skeletal warrior is heavily damaged.
Your transformation is almost over.
The skeletal warrior hits you but does no damage.
You hit the skeletal warrior. Your punch misses the skeletal warrior.
The skeletal warrior is heavily damaged.
Your extra speed is starting to run out.
You feel as though your hastened speed will last longer.
The skeletal warrior hits you with a +0 war axe!
* * * LOW HITPOINT WARNING * * *
You barely miss the skeletal warrior.
The skeletal warrior is heavily damaged.
You closely miss the skeletal warrior.
The skeletal warrior is heavily damaged.
The skeletal warrior hits you with a +0 war axe!
* * * LOW HITPOINT WARNING * * *
You slash the skeletal warrior!
The skeletal warrior is severely damaged.
Aiming: Polymorph
Press: ? - help, Q - select action, (/) - cycle Shift-Dir - straight line, f - skeletal warrior
Aim: a skeletal warrior, wielding a +0 war axe (severely damaged, not susceptible)
The skeletal warrior is unaffected.
The now-empty wand crumbles to dust.
The skeletal warrior hits you with a +0 war axe!
You die...

...............#..#
...............#..#
.................##
.................§##
.................§§#
.........###§###
.........#§§§..#
........#§§####
........##♣#
...§§§§Wpz##
...§§§#§§#.#
>:..[§§##...#
...§§§. .#.# ...§§..
.#+# ...§... .+
....... .# ...... .#


You could see a death knight, a skeletal warrior and a wraith.

Vanquished Creatures
  Erica (D:8)
  A two-headed ogre (D:9)
  A skeletal warrior (D:10)
  A phantasmal warrior (D:10)
  Pikel (D:8)
  A hornet (D:9)
  Prince Ribbit (D:5)
  4 yaks (D:9)
  3 wyverns
  2 steam dragons
  Menkaure (D:5)
  Duvessa (D:5)
  An orc warrior (D:8)
  3 ogres
  A centaur (D:3)
  A phantom (D:5)
  A lemure (D:8)
  3 kobold brigands
  2 bullfrogs
  5 scorpions
  8 wights
  Dowan (D:5)
  8 killer bees (D:9)
  2 vampire bats (D:9)
  5 howler monkeys
  4 orc priests
  2 jellies (D:5)
  3 quasits (D:8)
  2 hounds
  Ijyb (D:5)
  7 orc wizards
  3 iguanas
  Robin (D:2)
  7 adders
  3 white imps
  An ufetubus (D:5)
  3 dart slugs
  21 orcs
  7 ball pythons
  A bat skeleton (D:9)
  4 bat zombies (D:9)
  10 endoplasms
  3 giant cockroaches
  16 goblins
  4 hobgoblins
  34 kobolds
  2 quokkas
  7 bats
  2 frilled lizards
  4 rats (D:1)
211 creatures vanquished.

Vanquished Creatures (collateral kills)
  3 wolves (D:9)
  An ogre (D:9)
  An orc (D:5)
5 creatures vanquished.

Vanquished Creatures (others)
  67 plants (D:4)
67 creatures vanquished.

Grand Total: 283 creatures vanquished

Notes
Turn   | Place    | Note
-------+----------+-------------------------------------------
     0 | D:1      | KhasaRR the Minotaur Berserker began the quest for the Orb.
     0 | D:1      | Reached XP level 1. HP: 19/19 MP: 0/0
   231 | D:1      | Reached XP level 2. HP: 27/27 MP: 1/1
  1224 | D:2      | Reached XP level 3. HP: 34/34 MP: 2/2
  1273 | D:2      | Identified the +1 robe of Daffodils {rN+}
  1719 | D:2      | Noticed Robin
  1730 | D:2      | Killed Robin
  1730 | D:2      | Reached ** piety under Trog
  1735 | D:2      | Reached XP level 4. HP: 37/41 MP: 3/3
  1911 | D:2      | Found a faded altar of an unknown god.
  1935 | D:2      | Identified the +1 robe of Philately {Harm Regen+ rCorr
                  | Str-3}
  2254 | D:3      | Noticed a centaur
  2267 | D:3      | Killed a centaur
  2268 | D:3      | Reached skill level 5 in Axes
  2268 | D:3      | Reached XP level 5. HP: 47/47 MP: 4/4
  2435 | D:3      | Found a shimmering altar of Xom.
  2513 | D:3      | Found a white marble altar of Elyvilon.
  2520 | D:3      | Found a snail-covered altar of Cheibriados.
  2521 | D:3      | Found a blossoming altar of Fedhas.
  2782 | D:3      | Reached skill level 5 in Fighting
  2909 | D:3      | Found a sparkling altar of Nemelex Xobeh.
  3128 | D:4      | Reached XP level 6. HP: 56/56 MP: 5/5
  3692 | D:4      | Reached skill level 5 in Armour
  4411 | D:5      | Entered Level 5 of the Dungeon
  4427 | D:5      | Noticed Duvessa
  4434 | D:5      | Noticed Dowan
  4455 | D:5      | Killed Dowan
  4456 | D:5      | Reached XP level 7. HP: 61/61 MP: 6/6
  4460 | D:5      | Killed Duvessa
  4649 | D:5      | Reached *** piety under Trog
  5216 | D:5      | Noticed Ijyb
  5227 | D:5      | Killed Ijyb
  5235 | D:5      | Reached XP level 8. HP: 70/70 MP: 7/7
  5360 | D:5      | Noticed Prince Ribbit
  5366 | D:5      | Killed Prince Ribbit
  5401 | D:5      | Noticed Menkaure
  5410 | D:5      | Killed Menkaure
  5444 | D:5      | Found a staircase to the Ecumenical Temple.
  5547 | D:5      | Reached skill level 1 in Stealth
  5725 | D:5      | Found Jopteem's Magic Scroll Shop.
  5742 | D:5      | Bought a scroll of identify for 24 gold pieces
  6491 | D:6      | Reached XP level 9. HP: 78/78 MP: 8/8
  6747 | D:6      | Reached skill level 10 in Axes
  6965 | D:7      | Found an iron altar of Okawaru.
  7953 | D:7      | Found a broken altar of Ashenzari.
  8218 | D:8      | Gained mutation: You are partially covered in iridescent
                  | scales. (AC +2) [potion of mutation]
  8218 | D:8      | Gained mutation: You possess an exceptional clarity of
                  | mind. [potion of mutation]
  8218 | D:8      | Gained mutation: You are mostly covered in iridescent
                  | scales. (AC +4) [potion of mutation]
  8218 | D:8      | Gained mutation: Your spells are a little harder to cast,
                  | but a little more powerful. [potion of mutation]
  8490 | D:8      | Noticed Pikel
  8508 | D:8      | Killed Pikel
  8509 | D:8      | Reached skill level 5 in Dodging
  8825 | D:8      | Noticed Erica
  8836 | D:8      | Killed Erica
  8837 | D:8      | Reached skill level 10 in Armour
  8837 | D:8      | Reached XP level 10. HP: 88/88 MP: 9/9
  8916 | D:8      | Found a basalt altar of Yredelemnul.
  9274 | D:9      | Paralysed by a hornet for 3 turns
 10084 | D:9      | Noticed Grum
 10086 | D:9      | Noticed Grum
 10086 | D:9      | Grum changed into Grum the ogre
 10090 | D:9      | Killed Grum the ogre
 10384 | D:9      | Found an ancient bone altar of Kikubaaqudgha.
 10462 | D:9      | Noticed a two-headed ogre
 10473 | D:9      | Killed a two-headed ogre
 10687 | D:9      | Found a bloodstained altar of Trog.
 10754 | D:10     | Entered Level 10 of the Dungeon
 10778 | D:10     | Found Nofrucuff's Distillery.
 10801 | D:10     | Bought 2 potions of curing for 66 gold pieces
 10801 | D:10     | Bought a potion of lignification for 33 gold pieces
 10801 | D:10     | Bought a potion of lignification for 33 gold pieces
 10901 | D:10     | Noticed a skeletal warrior
 10901 | D:10     | Noticed a skeletal warrior
 10910 | D:10     | Noticed a phantasmal warrior
 10911 | D:10     | Noticed a death knight
 10933 | D:10     | Killed a skeletal warrior
 10934 | D:10     | Reached skill level 1 in Evocations
 10944 | D:10     | Killed a phantasmal warrior
 10945 | D:10     | Reached XP level 11. HP: 43/95 MP: 10/10
 10985 | D:10     | HP: 4/142 [skeletal warrior/+0 war axe[a death knight]
                  | (12)]
 10987 | D:10     | Mangled by a skeletal warrior

Illustrated notes

Levels and vault maps discovered:
D:1:      lightli_arrival_farm, layout_basic, minmay_misc_feat_room,
          minmay_domino_2
D:2:      layout_loops_cross, hellmonk_ecumenical_altar_zigzags,
          hangedman_decor_push, uniq_robin
D:3:      layout_basic, mainiacjoe_overflow_cross_hatched,
          nemelex_diamond_rough_becter, minitemple, amcnicky_mini_pool_small,
          nicolae_figureground_sparkle
D:4:      kennysheep_kobold_camp, layout_gridville, hangedman_decor_slide_cut
D:5:      layout_layer_cave, minmay_temple_entry_large_hall, serial_shops, shop,
          uniq_duvessa, uniq_ijyb, uniq_prince_ribbit1, uniq_menkaure
D:6:      layout_rooms
D:7:      layout_gridville, nicolae_ashenzari_skybound, kennysheep_mini
D:8:      cheibrodos_quashed, layout_loops_ring, mainiacjoe_overflow_paths,
          uniq_pikel, uniq_erica
D:9:      layout_long_grid, mainiacjoe_overflow_tiny_flanked,
          kennysheep_vampire_church, uniq_grum
D:10:     layout_big_octagon, vehumet_altar_wand_db, zin_treasury, serial_shops,
          nicolae_shop_behind_doors, shop_coins, uniq_joseph

Skill      XL: |  1  2  3  4  5  6  7  8  9 10 |
---------------+-------------------------------+-----
Fighting       | 4 5 6 7 8 |  8.6
Axes           | 4 5 6 7 9 11 12 | 12.6
Armour         | 3 4 5 6 8 10 12 | 12.7
Dodging        | 3 4 5 |  5.3
Stealth        | 1 2 |  2.8
Evocations     | 1 |  1.1

Action                   |  1- 3 |  4- 6 |  7- 9 | 10-12 || total
-------------------------+-------+-------+-------+-------++-------
Melee: Hand axe          |    80 |   150 |   242 |   140 ||   612
       Headbutt          |     9 |    16 |    44 |    26 ||    95
       Punch             |       |       |     5 |     1 ||     6
Invok: Berserk           |     1 |     5 |    15 |     8 ||    29
       Trog's Hand       |       |     1 |     8 |     5 ||    14
Evoke: Wand              |       |       |     4 |     9 ||    13
  Use: Scroll            |     2 |     4 |     7 |     9 ||    22
       Potion            |       |     1 |     7 |    13 ||    21
 Stab: Paralysed         |       |       |       |     9 ||     9
       Distracted        |       |       |       |     1 ||     1
Armor: Animal skin       |    10 |       |       |       ||    10
       Robe              |     8 |       |       |       ||     8
       Ring mail         |     1 |    72 |    34 |       ||   107
       Skin              |       |       |    11 |     8 ||    19
       Chain mail        |       |       |    38 |    36 ||    74
Dodge: Dodged            |    51 |    79 |    91 |    38 ||   259

Table legend: (Time is in decaauts)
 A = Elapsed time spent in this place.
 B = Non-inter-level travel time spent in this place.
 C = Inter-level travel time spent in this place.
 D = Time resting spent in this place.
 E = Time spent auto-exploring this place.
 F = Levels seen in this place.
 G = Mean time per level.
                   A        B        C        D        E       F      G
               +--------+--------+--------+--------+--------+-----+--------+
         Total |  11218 |  10960 |    258 |   2739 |   6465 |  10 | 1121.8 |
       Dungeon |  11218 |  10960 |    258 |   2739 |   6465 |  10 | 1121.8 |
               +--------+--------+--------+--------+--------+-----+--------+

Top non-repeatable levels by time:
     D:5: 1522 daAuts
     D:4: 1480 daAuts
     D:8: 1407 daAuts
     D:9: 1257 daAuts
     D:7: 1242 daAuts
     D:1: 1222 daAuts
     D:3: 1030 daAuts
     D:6: 931 daAuts
     D:2: 921 daAuts
    D:10: 202 daAuts
